 Dungeon Crawl Stone Soup version 0.29-a0-322-g68df515428 (webtiles) character file.

Game seed: 17333785293836057787

299 YayAnonymity the Poker (level 6, -1/47 HPs)
             Began as a Human Monk on Apr 6, 2022.
             Slain by an iguana (11 damage)
             ... on level 5 of the Dungeon.
             The game lasted 00:04:37 (3398 turns).

YayAnonymity the Poker (Human Monk)                 Turns: 3398, Time: 00:04:38

Health: -1/47      AC:  7    Str: 13    XL:     6   Next: 63%
Magic:  6/6        EV:  9    Int: 17    God:
Gold:   204        SH:  5    Dex: 15    Spells: 5/5 levels left

rFire   . . .      SeeInvis .   a - +0 spear
rCold   . . .      Faith    .   m - +0 buckler
rNeg    . . .      Spirit   .   n - +0 scale mail
rPois   .          Reflect  .   q - +0 helmet
rElec   .          Harm     .   (no cloak)
rCorr   .          Rampage  .   (no gloves)
Will    .....                   (no boots)
Stlth   +.........              h - amulet of the acrobat
HPRegen 0.15/turn               g - +6 ring of intelligence
MPRegen 0.10/turn               (no ring)

@: no status effects
A: no striking features
a: no special abilities


You were on level 5 of the Dungeon.
You visited 1 branch of the dungeon, and saw 4 of its levels.

You collected 204 gold pieces.

Inventory:

Hand Weapons
 a - a +0 spear (weapon)
Missiles
 r - a poisoned dart (quivered)
Armour
 m - a +0 buckler (worn)
 n - a +0 scale mail (worn)
 q - a +0 helmet (worn)
Jewellery
 g - a +6 ring of intelligence (left hand)
 h - an amulet of the acrobat (around neck)
Scrolls
 d - a scroll of magic mapping {unknown}
 e - 4 scrolls of identify {unknown}
 f - a scroll of silence {unknown}
 i - a scroll of enchant armour {unknown}
 j - a scroll of immolation {unknown}
 p - 2 scrolls of vulnerability {unknown}
Potions
 b - 3 potions of might {unknown}
 c - a potion of ambrosia
 k - a potion of degeneration {unknown}
 l - a potion of lignification {unknown}
 o - a potion of curing {unknown}
 s - a potion of brilliance {unknown}


   Skills:
 - Level 3.0 Fighting
 + Level 5.7 Polearms
 - Level 3.0 Dodging
 - Level 2.0 Stealth
 + Level 3.6 Shields


You had 5 spell levels left.
You didn't know any spells.
Your spell library was empty.

Dungeon Overview and Level Annotations

Branches:
Dungeon (3/15)

Altars:


Message History

The iguana barely misses you.
You hit the ogre.
You kill the ogre!
The iguana closely misses you.
You hit the iguana.
The iguana is lightly wounded.
You block the iguana's attack.
You closely miss the iguana.
The iguana is lightly wounded.
You hit the iguana.
The iguana is heavily wounded.
The iguana closely misses you.
You hit the iguana.
The iguana is heavily wounded.
The iguana bites you.
You hit the iguana but do no damage.
The iguana is heavily wounded.
The iguana bites you!
You hit the iguana but do no damage.
The iguana is heavily wounded.
You block the iguana's attack.
You closely miss the iguana.
The iguana is heavily wounded.
You block the iguana's attack.
You barely miss the iguana.
The iguana is heavily wounded.
You hit the iguana but do no damage.
The iguana is heavily wounded.
You block the iguana's attack.
You hit the iguana but do no damage.
The iguana is heavily wounded.
The iguana closely misses you.
You hit the iguana.
The iguana is severely wounded.
The iguana bites you!
* * * LOW HITPOINT WARNING * * *
You completely miss the iguana.
The iguana is severely wounded.
The iguana bites you!
You die...

#.... #....
#..... #....=
##.(...
#...(.#
#....)###
#....l@.#
##.......#
#.......[#
##........##
.##..........#
#.#.........##
#..........##
#........##
##......##


You could see an iguana.

Vanquished Creatures
  An ogre (D:5)
  A scorpion (D:5)
  An orc wizard (D:3)
  5 adders
  5 worms (D:3)
  A dart slug (D:3)
  3 orcs (D:3)
  3 bats
  3 endoplasms
  2 giant cockroaches (D:2)
  4 goblins
  7 hobgoblins
  3 jackals
  4 quokkas
  6 ball pythons
  3 frilled lizards
  6 kobolds
  8 rats
66 creatures vanquished.

Notes
Turn   | Place    | Note
-------+----------+-------------------------------------------
     0 | D:1      | YayAnonymity the Human Monk began the quest for the Orb.
     0 | D:1      | Reached XP level 1. HP: 18/18 MP: 1/1
   295 | D:1      | Reached XP level 2. HP: 24/24 MP: 2/2
   372 | D:1      | Found a faded altar of an unknown god.
  1082 | D:1      | Reached skill level 4 in Polearms
  1082 | D:1      | Reached XP level 3. HP: 29/29 MP: 3/3
  1607 | D:2      | Reached skill level 1 in Shields
  1645 | D:2      | Reached XP level 4. HP: 24/35 MP: 4/4
  2384 | D:3      | HP: 1/35 [something (2)]
  2386 | D:3      | Reached XP level 5. HP: 1/41 MP: 5/5
  3217 | D:3      | Reached skill level 5 in Polearms
  3322 | D:3      | You fall into a shaft and drop 2 floors!
  3322 | D:5      | Entered Level 5 of the Dungeon
  3353 | D:5      | Reached XP level 6. HP: 46/47 MP: 6/6
  3372 | D:5      | Noticed an ogre
  3386 | D:5      | Killed an ogre
  3398 | D:5      | Slain by an iguana

Illustrated notes

Levels and vault maps discovered:
D:1:      roderic_chinese_lattice_arrival, layout_basic,
          ebering_ecumenical_altar_box, minmay_tetromino_o2
D:2:      layout_basic, chequers_jeans
D:3:      minmay_octagon_keep, layout_loops_ring
D:5:      layout_cave_pods, minmay_temple_entry_mist, serial_undead,
          serial_undead_f, serial_undead_b, serial_undead_d, serial_undead_a,
          serial_undead_b

Skill      XL: |  1  2  3  4  5 |
---------------+----------------+-----
Polearms       | 4 5 |  5.7
Shields        | 1 2 3 |  3.6
Fighting       | |  3.0
Dodging        | |  3.0
Stealth        | |  2.0

Action                   |  1- 3 |  4- 6 || total
-------------------------+-------+-------++-------
Melee: Spear             |   144 |   225 ||   369
       Punch             |     1 |       ||     1
Throw: Dart              |       |     6 ||     6
 Stab: Sleeping          |     7 |       ||     7
Armor: Robe              |    12 |       ||    12
       Scale mail        |    16 |    47 ||    63
Dodge: Dodged            |    84 |    35 ||   119
Block: Buckler           |     5 |    31 ||    36

Table legend: (Time is in decaauts)
 A = Elapsed time spent in this place.
 B = Non-inter-level travel time spent in this place.
 C = Inter-level travel time spent in this place.
 D = Time resting spent in this place.
 E = Time spent auto-exploring this place.
 F = Levels seen in this place.
 G = Mean time per level.
                   A        B        C        D        E       F      G
               +--------+--------+--------+--------+--------+-----+--------+
         Total |   3365 |   3326 |     39 |    299 |   2372 |   4 |  841.2 |
       Dungeon |   3365 |   3326 |     39 |    299 |   2372 |   4 |  841.2 |
               +--------+--------+--------+--------+--------+-----+--------+

Top non-repeatable levels by time:
     D:3: 1266 daAuts
     D:1: 1073 daAuts
     D:2: 953 daAuts
     D:5: 72 daAuts
